[Event "Titled Tuesday Blitz May 25 2021"]
[White "Nguyen, Van Huy"]
[Black "Akbas, Umut Ata"]
[WhiteFideId "12401064"]
[BlackFideId "44572646"]
[WhiteElo "2443"]
[BlackElo "1590"]
[Result "0-1"]
[Round "06"]
[TimeControl "180+1"]
[Date "2021.05.25"]
[WhiteClock "0:01:39"]
[BlackClock "0:01:44"]

1. d4 Nf6 2. c4 e6 3. Nf3 d5 4. g3 Be7 5. Bg2 O-O 6. O-O dxc4 7. Qc2 a6 8. a4 Bd7 9. Rd1 Bc6 10. Nc3 Bb4 11. Bg5 Nbd7 12. d5 exd5 13. Nxd5 Bxd5 14. Rxd5 Bd6 15. Qxc4 Nb6 16. Bxf6 Qxf6 17. Qd3 Nxd5 18. Qxd5 Qxb2 19. Rd1 Rad8 20. Nd4 Bxg3 21. Qc4 Be5 22. e3 Bxd4 23. exd4 c6 24. Be4 g6 25. d5 Qe5 26. Rd3 Rfe8 27. dxc6 bxc6 28. Re3 Rd4 29. Qxc6 Rxe4 0-1


[Site "https://www.chess.com"]

[Event "Titled Tuesday Blitz May 25 2021"]
[White "Ognean, Mihnea-Ionut"]
[Black "Solon, Nathan"]
[WhiteFideId "1232347"]
[BlackFideId "2017229"]
[WhiteElo "2012"]
[BlackElo "2656"]
[Result "0-1"]
[Round "06"]
[TimeControl "180+1"]
[Date "2021.05.25"]
[WhiteClock "0:00:07"]
[BlackClock "0:01:04"]

1. e4 c5 2. Nf3 d6 3. d4 cxd4 4. Nxd4 Nf6 5. Nc3 a6 6. f3 e5 7. Nb3 Be7 8. Be3 Be6 9. Qd2 h5 10. Nd5 Nxd5 11. exd5 Bf5 12. Be2 Qc7 13. Bd3 Bxd3 14. Qxd3 Nd7 15. O-O Rc8 16. Rac1 O-O 17. c4 b6 18. f4 Rfe8 19. f5 e4 20. Qe2 Ne5 21. Qxh5 Nd3 22. Rc2 b5 23. Nd4 bxc4 24. f6 g6 25. Qh4 Bf8 26. Bh6 Re5 27. Rf5 Qc5 28. Bxf8 Qxd4+ 29. Kh1 Rxf5 30. g4 Rf1+ 31. Kg2 Qg1+ 32. Kh3 Nf4# 0-1


[Site "https://www.chess.com"]

[Event "Titled Tuesday Blitz May 25 2021"]
[White "Omk124"]
[Black "Ibrahimli, Murad"]
[BlackFideId "13410229"]
[WhiteElo "2524"]
[BlackElo "2109"]
[Result "0-1"]
[Round "06"]
[TimeControl "180+1"]
[Date "2021.05.25"]
[WhiteClock "0:00:23"]
[BlackClock "0:00:20"]

1. e4 c5 2. Nf3 e6 3. d4 cxd4 4. Nxd4 a6 5. c4 Qc7 6. Nc3 Nf6 7. Be2 b6 8. O-O Bb7 9. f3 d6 10. Be3 Nbd7 11. Rc1 Be7 12. Qd2 O-O 13. b4 Rac8 14. Rfd1 Qb8 15. Bf1 Bd8 16. Qf2 Bc7 17. Kh1 Rfe8 18. a3 d5 19. cxd5 exd5 20. exd5 Bxh2 21. Nf5 Bf4 22. d6 Bxe3 23. Nxe3 g6 24. Nc4 b5 25. Nb6 Nxb6 26. Qxb6 Nd7 27. Qd4 Re5 28. Kg1 Rce8 29. f4 R5e6 30. Kf2 Nf6 31. Kg1 Rd8 32. f5 Rexd6 33. Qh4 Qa7+ 34. Kh1 Qe3 35. fxg6 hxg6 36. Re1 Qd4 37. Qxd4 Rxd4 38. Kg1 R8d7 39. Rc2 Kg7 40. Rf2 Ng4 41. Rfe2 Rc7 42. Nb1 Bd5 43. Re7 Rxe7 44. Rxe7 Be6 45. Ra7 Rd1 46. Nc3 Rc1 47. Ne4 Ne3 48. Nd2 Nxf1 49. Nxf1 Bc4 50. Rxa6 Rxf1+ 51. Kh2 Rf2 52. Ra5 Ra2 53. Kg1 g5 54. g3 Kg6 55. Ra6+ Kh5 56. Ra7 Kg4 57. Rxf7 Bxf7 0-1


[Site "https://www.chess.com"]

[Event "Titled Tuesday Blitz May 25 2021"]
[White "Ozkan, Ervin"]
[Black "Timofeev, Artyom"]
[WhiteFideId "6306004"]
[BlackFideId "4140419"]
[WhiteElo "2226"]
[BlackElo "2582"]
[Result "1/2-1/2"]
[Round "06"]
[TimeControl "180+1"]
[Date "2021.05.25"]
[WhiteClock "0:00:59"]
[BlackClock "0:01:51"]

1. d4 Nf6 2. Nf3 g6 3. Bf4 Bg7 4. e3 O-O 5. h3 c5 6. c3 d6 7. Nbd2 b6 8. a4 Bb7 9. a5 bxa5 10. Qa4 Nc6 11. Bb5 Qc8 12. dxc5 Nd5 13. cxd6 Nb6 14. Qa2 exd6 15. Bxd6 Rd8 16. Bg3 Qf5 17. Be2 Qc2 18. Bd1 Qd3 19. Be2 Qc2 20. Bd1 Qd3 21. Be2 Qc2 1/2-1/2


[Site "https://www.chess.com"]

[Event "Titled Tuesday Blitz May 25 2021"]
[White "Pelopidass"]
[Black "Shkapenko, Pavel"]
[BlackFideId "4151933"]
[WhiteElo "2536"]
[BlackElo "2386"]
[Result "1/2-1/2"]
[Round "06"]
[TimeControl "180+1"]
[Date "2021.05.25"]
[WhiteClock "0:00:30"]
[BlackClock "0:00:21"]

1. d4 Nf6 2. Nf3 e6 3. c4 Bb4+ 4. Nbd2 d5 5. e3 O-O 6. a3 Be7 7. Bd3 a5 8. b3 b6 9. Bb2 Bb7 10. O-O Nbd7 11. Qe2 Ne4 12. Rfd1 Nxd2 13. Rxd2 Bd6 14. e4 dxe4 15. Bxe4 Bxe4 16. Qxe4 Nf6 17. Qc6 Bf4 18. Rd3 Qd6 19. Qxd6 cxd6 20. g3 Bh6 21. d5 e5 22. Rdd1 Nd7 23. a4 Nc5 24. Ba3 f5 25. Rab1 Rfc8 26. Ne1 e4 27. Nc2 g6 28. Bxc5 bxc5 29. Na3 e3 30. Re1 Re8 31. Nb5 Rad8 32. Nc7 Re5 33. f4 Re4 34. Re2 Bg7 35. Kg2 Bd4 36. Rd1 Rd7 37. Ne6 h6 38. h4 Rb7 39. Rd3 Rb6 40. Kf3 Kf7 41. Re1 Kf6 42. Ke2 h5 43. Red1 Rxe6 44. dxe6 Kxe6 45. Rc1 d5 46. cxd5+ Kxd5 47. Rc4 Rb8 48. Kd1 Ke4 49. Ke2 Kd5 50. Kd1 Ke4 51. Ke2 Kd5 1/2-1/2


[Site "https://www.chess.com"]

[Event "Titled Tuesday Blitz May 25 2021"]
[White "Perez Gormaz, Matias"]
[Black "kleopl"]
[WhiteFideId "3406342"]
[WhiteElo "2414"]
[BlackElo "2491"]
[Result "0-1"]
[Round "06"]
[TimeControl "180+1"]
[Date "2021.05.25"]
[WhiteClock "0:00:02"]
[BlackClock "0:00:09"]

1. e4 c6 2. Nf3 d5 3. Nc3 a6 4. h3 Nf6 5. e5 Ne4 6. Ne2 Qb6 7. d4 c5 8. c3 cxd4 9. Nexd4 Nc6 10. Bd3 Nc5 11. Bc2 g6 12. O-O Bg7 13. Re1 O-O 14. Rb1 a5 15. Bg5 Re8 16. Qd2 Bd7 17. Bh6 Bh8 18. Qf4 Ne6 19. Nxe6 Bxe6 20. Ng5 Qc7 21. Nxe6 fxe6 22. Qg4 Kf7 23. f4 d4 24. Bb3 Nd8 25. cxd4 a4 26. Rbc1 Qb6 27. Bc4 Qxd4+ 28. Kh1 Rc8 29. b3 axb3 30. Bxb3 Rxc1 31. Rxc1 Qe3 32. Rd1 Qb6 33. f5 Bg7 34. fxe6+ Kg8 35. Bg5 Bxe5 36. Qe4 Bb8 37. Be3 Qc7 38. Kg1 Rf8 0-1


[Site "https://www.chess.com"]

[Event "Titled Tuesday Blitz May 25 2021"]
[White "Perez, Maximiliano"]
[Black "Mirzoev, Azer"]
[WhiteFideId "117234"]
[BlackFideId "13400304"]
[WhiteElo "2368"]
[BlackElo "2525"]
[Result "0-1"]
[Round "06"]
[TimeControl "180+1"]
[Date "2021.05.25"]
[WhiteClock "0:01:05"]
[BlackClock "0:01:01"]

1. e4 c6 2. d4 d5 3. e5 Bf5 4. h4 Qb6 5. c3 h6 6. g4 Bd7 7. h5 e6 8. f4 c5 9. Nf3 Bb5 10. Rh2 Nc6 11. Be3 Bxf1 12. Kxf1 O-O-O 13. a3 Kb8 14. b4 cxd4 15. cxd4 Rc8 16. Rc2 f6 17. Kf2 Nge7 18. Nc3 f5 19. Na4 Qd8 20. Rac1 fxg4 21. Nh2 Nf5 22. Qxg4 Be7 23. b5 Bh4+ 0-1


[Site "https://www.chess.com"]

[Event "Titled Tuesday Blitz May 25 2021"]
[White "Pert, Richard G"]
[Black "Dan-Lowes"]
[WhiteFideId "404748"]
[WhiteElo "2441"]
[BlackElo "2076"]
[Result "1-0"]
[Round "06"]
[TimeControl "180+1"]
[Date "2021.05.25"]
[WhiteClock "0:00:27"]
[BlackClock "0:00:43"]

1. d4 Nf6 2. Bg5 Ne4 3. Bf4 c5 4. f3 Nf6 5. dxc5 Na6 6. e4 Nxc5 7. Nc3 d6 8. Qd2 Ne6 9. Be3 g6 10. O-O-O a6 11. Kb1 Bg7 12. Bh6 b5 13. Bxg7 Nxg7 14. Nge2 Be6 15. Nf4 O-O 16. Nxe6 Nxe6 17. Qh6 Kh8 18. h4 Rc8 19. Nd5 Ng8 20. Qe3 Nf6 21. Nxf6 exf6 22. h5 g5 23. h6 Qc7 24. Bd3 Rfd8 25. Rc1 Nf4 26. g3 Ne6 27. f4 Qc5 28. Qd2 d5 29. e5 fxe5 30. fxe5 Qd4 31. Rhf1 Rc7 32. Qe2 Nc5 33. Bf5 Ne4 34. Rcd1 Qxe5 35. Qxe4 Qxe4 36. Bxe4 d4 37. Rf6 Kg8 38. a3 Kf8 39. Bxh7 Ke7 40. Rxa6 1-0


[Site "https://www.chess.com"]

[Event "Titled Tuesday Blitz May 25 2021"]
[White "Petukhov, Dmitry"]
[Black "Barp, Alberto"]
[WhiteFideId "4142748"]
[BlackFideId "872555"]
[WhiteElo "2356"]
[BlackElo "2229"]
[Result "0-1"]
[Round "06"]
[TimeControl "180+1"]
[Date "2021.05.25"]
[WhiteClock "0:00:19"]
[BlackClock "0:01:02"]

1. e4 e5 2. Nf3 Nc6 3. Bb5 a6 4. Ba4 d6 5. O-O Bd7 6. c4 g6 7. Nc3 Bg7 8. Bxc6 bxc6 9. d4 exd4 10. Nxd4 Ne7 11. Be3 O-O 12. f3 Rb8 13. Rb1 c5 14. Nde2 f5 15. Nf4 fxe4 16. fxe4 Nc6 17. Nfd5 Ne5 18. b3 Rxf1+ 19. Qxf1 Ng4 20. Qe1 c6 21. h3 cxd5 22. Nxd5 Nxe3 23. Nxe3 Bc6 24. Nd5 Bxd5 25. exd5 Qe8 26. Qh4 Qd8 27. Qg4 Bd4+ 28. Kh1 Qc8 29. Qh4 Qf5 30. Re1 Rf8 31. Qe7 Be5 32. Rg1 Qf7 33. Qh4 Qf4 34. Qxf4 Rxf4 35. Rb1 a5 36. a3 Rf2 37. Kg1 Rb2 38. Rxb2 Bxb2 0-1


[Site "https://www.chess.com"]

[Event "Titled Tuesday Blitz May 25 2021"]
[White "Rasulov, Vugar"]
[Black "Vetokhin, Savva"]
[WhiteFideId "13402390"]
[BlackFideId "44144474"]
[WhiteElo "2553"]
[BlackElo "2185"]
[Result "1-0"]
[Round "06"]
[TimeControl "180+1"]
[Date "2021.05.25"]
[WhiteClock "0:01:23"]
[BlackClock "0:00:42"]

1. Nf3 d5 2. b3 Nf6 3. Bb2 e6 4. e3 Be7 5. c4 O-O 6. Be2 c5 7. O-O Nc6 8. cxd5 Nxd5 9. Nc3 b6 10. d4 cxd4 11. Nxd5 Qxd5 12. Nxd4 Nxd4 13. Bxd4 Bb7 14. Bf3 Qd7 15. Bxg7 Qxd1 16. Rfxd1 Kxg7 17. Bxb7 Rad8 18. Be4 Rxd1+ 19. Rxd1 Rd8 20. Bd3 Bc5 21. Kf1 e5 22. Ke2 h6 23. Rc1 a5 24. Rc4 Kf6 25. Rh4 Kg5 26. g3 f5 27. f4+ Kg6 28. g4 e4 29. gxf5+ Kxf5 30. Bc4 Kg6 31. Rg4+ Kf6 32. Rh4 Kg6 33. Be6 Bb4 34. f5+ Kg5 35. Rxe4 Rd2+ 36. Kf3 Rxh2 37. Rg4+ Kf6 38. Ke4 h5 39. Rg6+ Ke7 40. Bc4 Rh4+ 41. Kd3 Rh2 42. f6+ Kd7 43. a4 h4 44. f7 h3 45. Rxb6 Rf2 46. Rh6 h2 47. Bd5 Ke7 48. Rh8 Kd7 49. e4 Bd6 50. e5 Bb4 51. e6+ Kd6 52. f8=Q+ Rxf8 53. Rxf8 Kxd5 54. Rh8 Kxe6 55. Rxh2 Kd5 56. Rh5+ Kc6 57. Kc4 1-0


[Site "https://www.chess.com"]

[Event "Titled Tuesday Blitz May 25 2021"]
[White "Rich, Albert J"]
[Black "Vlassov, Nikolai"]
[WhiteFideId "2028735"]
[BlackFideId "4103360"]
[WhiteElo "2388"]
[BlackElo "2407"]
[Result "0-1"]
[Round "06"]
[TimeControl "180+1"]
[Date "2021.05.25"]
[WhiteClock "0:00:05"]
[BlackClock "0:00:41"]

1. d4 Nf6 2. f3 Nc6 3. d5 Ne5 4. Qd4 Ng6 5. e4 e5 6. Qc3 a5 7. a3 c6 8. Qb3 Bc5 9. c4 O-O 10. Ne2 b5 11. cxb5 cxd5 12. exd5 Qb6 13. Nbc3 Bf2+ 14. Kd1 Bb7 15. Bg5 a4 16. Nxa4 Bxd5 17. Nxb6 Bxb3+ 18. Kd2 Bxb6 19. Bxf6 gxf6 20. Nc3 d5 21. Bd3 Nf4 22. Bf5 d4 23. Ne4 Ba5+ 24. Kc1 Kg7 25. Kb1 d3 26. Nc5 Bc2+ 27. Ka2 Rfb8 28. g3 Ne6 29. Nxd3 Rxb5 0-1


[Site "https://www.chess.com"]

[Event "Titled Tuesday Blitz May 25 2021"]
[White "Rostovtsev, Dmitry"]
[Black "Maghsoodloo, Parham"]
[WhiteFideId "34278320"]
[BlackFideId "12539929"]
[WhiteElo "2143"]
[BlackElo "2601"]
[Result "0-1"]
[Round "06"]
[TimeControl "180+1"]
[Date "2021.05.25"]
[WhiteClock "0:00:10"]
[BlackClock "0:00:59"]

1. e4 c5 2. Nf3 Nc6 3. d4 cxd4 4. Nxd4 Nf6 5. Nc3 e5 6. Ndb5 d6 7. Bg5 a6 8. Na3 b5 9. Nd5 Be7 10. Bxf6 Bxf6 11. Qf3 Be6 12. Nxf6+ Qxf6 13. Qxf6 gxf6 14. O-O-O Ke7 15. b3 Rhc8 16. Kb2 f5 17. exf5 Bxf5 18. Bd3 Bg6 19. Rd2 Nd4 20. c3 Ne6 21. Rhd1 Rc6 22. g3 Rac8 23. c4 bxc4 24. Nxc4 Nd4 25. Bxg6 hxg6 26. Rxd4 exd4 27. Rxd4 Rc5 28. Ne3 Ke6 29. h4 d5 30. Ra4 R8c6 31. Rd4 Ke5 32. Rf4 f5 33. h5 gxh5 34. Rxf5+ Ke4 35. Rxh5 d4 36. Rxc5 Rxc5 37. Nc4 Kd3 38. f4 Ke2 39. g4 d3 40. f5 Rxc4 41. bxc4 d2 42. f6 d1=Q 43. f7 Qd4+ 44. Kb3 Qb6+ 45. Kc3 Qf6+ 0-1


[Site "https://www.chess.com"]

[Event "Titled Tuesday Blitz May 25 2021"]
[White "Rozhkov, Viacheslav"]
[Black "Vakhlamov, Igor L."]
[WhiteFideId "4181484"]
[BlackFideId "24126748"]
[WhiteElo "2324"]
[BlackElo "2405"]
[Result "0-1"]
[Round "06"]
[TimeControl "180+1"]
[Date "2021.05.25"]
[WhiteClock "0:00:01"]
[BlackClock "0:01:08"]

1. e4 c5 2. Nf3 Nc6 3. d4 cxd4 4. Nxd4 g6 5. Nc3 Bg7 6. Be3 Nf6 7. Nxc6 bxc6 8. e5 Ng8 9. f4 f6 10. e6 d5 11. f5 Nh6 12. g4 Rb8 13. Qf3 Rxb2 14. O-O-O Rb4 15. Bc5 Rxg4 16. Nxd5 cxd5 17. Bb5+ Kf8 18. Rxd5 Qc7 19. Rhd1 Kg8 20. Rd8+ Bf8 21. Qa3 Nxf5 22. Bd7 Qxd8 0-1


[Site "https://www.chess.com"]

[Event "Titled Tuesday Blitz May 25 2021"]
[White "Rustemov, Alexander"]
[Black "Nozdrachev, Leonid"]
[WhiteFideId "4119002"]
[BlackFideId "24113433"]
[WhiteElo "2702"]
[BlackElo "2246"]
[Result "1-0"]
[Round "06"]
[TimeControl "180+1"]
[Date "2021.05.25"]
[WhiteClock "0:01:21"]
[BlackClock "0:00:17"]

1. d4 Nf6 2. c4 e6 3. Nf3 d5 4. Nc3 Be7 5. Bg5 O-O 6. e3 c5 7. dxc5 Bxc5 8. cxd5 exd5 9. Bxf6 Qxf6 10. Qxd5 Bb4 11. Qd4 Qe7 12. a3 Nc6 13. Qd2 Rd8 14. Qc2 Ba5 15. Be2 Bg4 16. O-O Rac8 17. Rac1 Bh5 18. Rfd1 Bg6 19. Qb3 Bxc3 20. Rxd8+ Qxd8 21. Qxc3 h6 22. Qd2 Qxd2 23. Nxd2 Rd8 24. Nc4 f6 25. Rd1 Rxd1+ 26. Bxd1 Kf7 27. Nd6+ Ke6 28. Nxb7 Kd7 29. Nc5+ Kd6 30. Nb3 a5 31. Kf1 Ne5 32. Nxa5 Nd3 33. Bc2 1-0


[Site "https://www.chess.com"]

[Event "Titled Tuesday Blitz May 25 2021"]
[White "Salem, A.R. Saleh"]
[Black "Reprintsev, Alexander"]
[WhiteFideId "9301348"]
[BlackFideId "14100541"]
[WhiteElo "2659"]
[BlackElo "2177"]
[Result "1-0"]
[Round "06"]
[TimeControl "180+1"]
[Date "2021.05.25"]
[WhiteClock "0:00:09"]
[BlackClock "0:00:14"]

1. d4 d5 2. c4 e5 3. dxe5 d4 4. Nf3 Nc6 5. a3 g6 6. Bg5 Qd7 7. Nbd2 h6 8. Bf4 g5 9. Bg3 g4 10. Nh4 Be7 11. h3 h5 12. Nb3 Qd8 13. Nf3 gxf3 14. exf3 Bf5 15. Bd3 Nh6 16. O-O Qd7 17. Be4 O-O-O 18. Bf4 Bxe4 19. fxe4 Rhg8 20. Qxh5 Rh8 21. Bxh6 Qe6 22. f4 Rxh6 23. Qf5 Qxf5 24. exf5 Bh4 25. Rf3 d3 26. Rd1 Nd4 27. Nxd4 Rxd4 28. Rfxd3 Rxf4 29. g3 Rxf5 30. gxh4 b6 31. Rd4 Rxe5 32. Rf1 Rg6+ 33. Kh1 Re3 34. Kh2 Re2+ 35. Kh1 Rg3 36. Rxf7 Rxh3+ 37. Kg1 Re6 38. Rdd7 Rc6 39. Rd4 Rb3 40. Rf2 Rg6+ 41. Kh2 Re6 42. h5 Ree3 43. Rh4 Re7 44. h6 Rh7 45. Rg2 Kb7 46. Rg7 Rxb2+ 47. Kg3 Rh8 48. h7 Rb3+ 49. Kg4 Rb1 50. Kh5 Rc1 51. Kh6 a5 52. Rg8 Rxh7+ 53. Kxh7 Rc3 54. a4 Ra3 55. c5 bxc5 56. Rg5 Kb6 57. Rh6+ c6 58. Rh4 Rb3 59. Rgg4 Rb4 60. Rc4 Kc7 61. Kg6 Kd6 62. Kf6 Kd5 63. Rcg4 c4 64. Rg5+ Kd6 65. Rxa5 c5 66. Rh5 c3 67. Raxc5 Rf4+ 68. Rhf5 Rxf5+ 69. Rxf5 c2 70. Rf1 Kc5 71. Rc1 Kb4 72. Rxc2 1-0


[Site "https://www.chess.com"]

[Event "Titled Tuesday Blitz May 25 2021"]
[White "Sanchez Alvares, Kelvin Antonio"]
[Black "Costachi, Mihnea"]
[WhiteFideId "3906680"]
[BlackFideId "1217518"]
[WhiteElo "2247"]
[BlackElo "2479"]
[Result "1-0"]
[Round "06"]
[TimeControl "180+1"]
[Date "2021.05.25"]
[WhiteClock "0:00:15"]
[BlackClock "0:00:43"]

1. e4 e5 2. Nf3 Nc6 3. Bb5 a6 4. Bxc6 dxc6 5. d4 exd4 6. Qxd4 Qxd4 7. Nxd4 Bd7 8. Nc3 O-O-O 9. Bf4 Ne7 10. Nde2 Ng6 11. Bg3 Be7 12. h4 h5 13. O-O-O Bf6 14. f3 Ne5 15. f4 Ng4 16. e5 Be7 17. Ne4 Bf5 18. N2c3 Ne3 19. Rde1 Ng4 20. a3 c5 21. Re2 b5 22. Rd1 Kb7 23. Nd5 Bf8 24. Ng5 Nh6 25. Ne3 Rxd1+ 26. Kxd1 Be4 27. Nxe4 Be7 28. Ke1 c4 29. Rd2 a5 30. c3 Kc6 31. Ng5 f6 32. exf6 gxf6 33. Nf3 Rg8 34. Nd4+ Kb7 35. Nef5 Bc5 36. Bf2 Ng4 37. Bg1 b4 38. axb4 axb4 39. Kf1 Ra8 40. Rd1 b3 41. Nf3 Bxg1 42. Kxg1 Ra2 43. Rb1 Kb6 44. Nh2 Nxh2 45. Kxh2 Kc5 46. g4 hxg4 47. Kg3 Kd5 48. Ne3+ Ke4 49. Nxc4 Kd3 50. Na3 c5 51. h5 c4 52. h6 Rxa3 53. bxa3 Kc2 54. Rf1 b2 55. h7 b1=Q 56. Rxb1 Kxb1 57. h8=Q f5 58. Qd4 Kb2 59. Qxc4 Kxa3 60. Qd5 Kb2 61. c4 Kc3 62. c5 Kb4 63. c6 Ka3 64. c7 Kb4 65. c8=Q Ka4 66. Qdb7 Ka3 67. Qca8# 1-0


[Site "https://www.chess.com"]

[Event "Titled Tuesday Blitz May 25 2021"]
[White "Sarana, Alexey"]
[Black "Petriashvili, Nikoloz"]
[WhiteFideId "24133795"]
[BlackFideId "13611216"]
[WhiteElo "2629"]
[BlackElo "2430"]
[Result "0-1"]
[Round "06"]
[TimeControl "180+1"]
[Date "2021.05.25"]
[WhiteClock "0:00:01"]
[BlackClock "0:00:28"]

1. e4 c5 2. Nf3 Nc6 3. d4 cxd4 4. Nxd4 Nf6 5. Nc3 e5 6. Ndb5 d6 7. Bg5 a6 8. Na3 b5 9. Bxf6 gxf6 10. Nd5 f5 11. Bd3 Be6 12. c4 Nd4 13. exf5 Bxd5 14. cxd5 Qa5+ 15. Qd2 b4 16. Nc2 Qxd5 17. Ne3 Qb7 18. f3 Rc8 19. O-O Bh6 20. Kh1 Bxe3 21. Qxe3 f6 22. f4 O-O 23. Be4 Qg7 24. Rad1 Kh8 25. Qf2 Rce8 26. Rd3 Qf7 27. Rh3 d5 28. Bb1 Nc6 29. Qc5 Rc8 30. fxe5 Nxe5 31. Qxb4 Rfd8 32. Qd4 Nc6 33. Qh4 d4 34. Rd1 Ne5 35. Rg3 d3 36. Qh6 d2 37. h3 Nc4 38. Be4 Rd4 39. Bf3 Rcd8 40. Be2 Nxb2 41. Rb1 Re4 42. Bf3 Re1+ 43. Kh2 Rxb1 44. Bh5 Qf8 45. Bg6 Qxh6 0-1


[Site "https://www.chess.com"]

[Event "Titled Tuesday Blitz May 25 2021"]
[White "Sergey85Rodchenkov"]
[Black "Krivonosov, Oleg"]
[BlackFideId "11600349"]
[WhiteElo "2520"]
[BlackElo "2469"]
[Result "0-1"]
[Round "06"]
[TimeControl "180+1"]
[Date "2021.05.25"]
[WhiteClock "0:00:17"]
[BlackClock "0:00:22"]

1. e4 e5 2. Nf3 Nc6 3. Bc4 Bc5 4. d3 Nf6 5. O-O h6 6. c3 d6 7. Re1 O-O 8. Nbd2 a6 9. Nf1 Re8 10. Ng3 Ba7 11. Bb3 Be6 12. Bxe6 Rxe6 13. d4 d5 14. dxe5 Nxe4 15. Be3 Bxe3 16. Rxe3 Nxg3 17. hxg3 Qd7 18. Qb3 Na5 19. Qc2 c5 20. Rd1 Nc6 21. Qb3 Rd8 22. Qa3 Qe7 23. Rde1 d4 24. cxd4 cxd4 25. Qxe7 Rxe7 26. Rd3 Rd5 27. Re4 f5 28. Re2 g5 29. Red2 Nxe5 30. Rxd4 Nxf3+ 31. gxf3 Rxd4 32. Rxd4 Kf7 33. Rb4 b5 34. a4 Re5 35. axb5 Rxb5 36. Rxb5 axb5 37. Kf1 Ke6 38. Ke2 Kd5 39. Kd3 h5 40. b3 h4 41. f4 h3 42. fxg5 h2 0-1


[Site "https://www.chess.com"]

[Event "Titled Tuesday Blitz May 25 2021"]
[White "Seul, Georg"]
[Black "Jamshidi, Amir Hossein"]
[WhiteFideId "4601653"]
[BlackFideId "12552941"]
[WhiteElo "2332"]
[BlackElo "2280"]
[Result "0-1"]
[Round "06"]
[TimeControl "180+1"]
[Date "2021.05.25"]
[WhiteClock "0:01:00"]
[BlackClock "0:01:31"]

1. e4 Nf6 2. Nc3 d5 3. e5 Ne4 4. Nce2 Nc5 5. d4 Ne6 6. Nf3 c5 7. dxc5 Nxc5 8. Ned4 Bg4 9. Bb5+ Nbd7 10. O-O e6 11. h3 Bh5 12. Bf4 a6 13. Be2 Be7 14. Nh2 Bg6 15. c3 O-O 16. Bh5 Bxh5 17. Qxh5 Nd3 18. Bg3 Nxb2 19. f4 g6 20. Qh6 Nc4 21. Ng4 Nd2 22. f5 Bg5 23. Qxg5 Qxg5 24. Bf4 Qxg4 25. hxg4 Nxf1 26. Rxf1 Rfe8 27. f6 Rac8 28. Rf3 Rc4 29. Bd2 Nxe5 0-1


[Site "https://www.chess.com"]

[Event "Titled Tuesday Blitz May 25 2021"]
[White "Shapiro, David"]
[Black "Przybylski, Wojciech"]
[WhiteFideId "24133523"]
[BlackFideId "1117599"]
[WhiteElo "2261"]
[BlackElo "2317"]
[Result "1-0"]
[Round "06"]
[TimeControl "180+1"]
[Date "2021.05.25"]
[WhiteClock "0:00:24"]
[BlackClock "0:00:01"]

1. d4 Nf6 2. Bf4 e6 3. Nc3 c5 4. d5 d6 5. dxe6 fxe6 6. e4 e5 7. Bg5 Be7 8. Bc4 Nc6 9. Bxf6 Bxf6 10. Qd5 Rf8 11. Nb5 Be7 12. O-O-O Nd4 13. c3 Be6 14. Qxb7 Bxc4 15. Nc7+ Kf7 16. Nxa8 Ne6 17. b3 Qa5 18. bxc4 Qxa2 19. Nf3 Qxc4 20. Kd2 Nf4 21. Kc2 Qa2+ 22. Qb2 Qxb2+ 23. Kxb2 Rxa8 24. g3 Ne6 25. Ra1 a5 26. Ra4 Bd8 27. Nd2 Ke7 28. Nc4 Ng5 29. Rha1 Nxe4 30. Nxe5 Nxf2 31. Nc6+ Kd7 32. Nxd8 Rxd8 33. Rxa5 Nd3+ 34. Kc2 Ne5 35. Ra7+ Ke6 36. Rxg7 Rf8 37. Rd1 h5 38. Rh7 Rf2+ 39. Rd2 Rf6 40. Rxh5 c4 41. Re2 Kd5 42. g4 Kc5 43. Rf5 Rg6 44. g5 Kd5 45. h4 Rg8 46. h5 Ra8 47. g6 Ra2+ 48. Kd1 Ra1+ 49. Kd2 Ke6 50. Rg5 Kf6 51. Rexe5 dxe5 52. g7 Ra2+ 53. Ke3 1-0


[Site "https://www.chess.com"]

[Event "Titled Tuesday Blitz May 25 2021"]
[White "Shapkin, Anatoliy"]
[Black "Pridorozhni, Aleksei"]
[WhiteFideId "34108332"]
[BlackFideId "4127870"]
[WhiteElo "2223"]
[BlackElo "2565"]
[Result "1/2-1/2"]
[Round "06"]
[TimeControl "180+1"]
[Date "2021.05.25"]
[WhiteClock "0:00:12"]
[BlackClock "0:00:55"]

1. d4 d5 2. c4 e6 3. Nf3 c6 4. Nbd2 Nf6 5. g3 Nbd7 6. Bg2 b6 7. O-O Bb7 8. Qc2 Be7 9. e4 dxe4 10. Nxe4 O-O 11. Bf4 c5 12. Nxf6+ Nxf6 13. Rad1 Qc8 14. Qe2 cxd4 15. Rxd4 Rd8 16. Rfd1 Rxd4 17. Nxd4 h6 18. Bxb7 Qxb7 19. Qf3 Qxf3 20. Nxf3 Rc8 21. b3 Kf8 22. Ne5 Ke8 23. Kg2 Bb4 24. Kf3 Bc3 25. g4 Rc5 26. Nd3 Rc8 27. Be5 Bxe5 28. Nxe5 Rc5 29. Nd3 Rg5 30. h3 h5 31. Kf4 Ra5 32. a4 hxg4 33. hxg4 g5+ 34. Kf3 Nd7 35. Rh1 Ne5+ 36. Nxe5 Rxe5 37. Rh8+ Ke7 38. Ra8 Ra5 39. Ke3 f5 40. gxf5 exf5 41. Kd4 g4 42. Ke3 Kd6 43. Kf4 Kc5 44. Kxf5 Kb4+ 45. Kxg4 Kxb3 46. f4 Rxa4 47. f5 Rxc4+ 48. Kg5 a5 49. f6 Rc5+ 50. Kg6 Rc6 51. Kf5 Rxf6+ 52. Kxf6 a4 53. Ke5 a3 54. Kd5 a2 55. Kc6 Kb2 56. Rxa2+ Kxa2 57. Kxb6 1/2-1/2


[Site "https://www.chess.com"]

[Event "Titled Tuesday Blitz May 25 2021"]
[White "Shtyka, Sergey"]
[Black "Rahman, Ziaur"]
[WhiteFideId "4138465"]
[BlackFideId "10200037"]
[WhiteElo "2102"]
[BlackElo "2460"]
[Result "0-1"]
[Round "06"]
[TimeControl "180+1"]
[Date "2021.05.25"]
[WhiteClock "0:01:38"]
[BlackClock "0:00:54"]

1. e4 c5 2. Nf3 d6 3. d4 cxd4 4. Nxd4 Nf6 5. Nc3 Nc6 6. Bc4 Qb6 7. Nb3 e6 8. Be3 Qc7 9. O-O Be7 10. Bd3 O-O 11. f4 a6 12. Qf3 b5 13. a3 Bb7 14. Rae1 b4 15. Nb1 d5 16. e5 Ne4 17. a4 f6 18. exf6 Bxf6 19. Nc5 Nxc5 20. Bxc5 Nd4 21. Bxd4 Bxd4+ 22. Kh1 e5 23. Qh3 e4 24. Be2 Bxb2 25. f5 Qxc2 26. f6 Rxf6 27. Rxf6 Bxf6 28. Bg4 Qf2 29. Rg1 Bd4 30. Rc1 Rf8 0-1


[Site "https://www.chess.com"]

[Event "Titled Tuesday Blitz May 25 2021"]
[White "Sjugirov, Sanan"]
[Black "Ghimpu, Samuel-Timotei"]
[WhiteFideId "4189302"]
[BlackFideId "1238175"]
[WhiteElo "2472"]
[BlackElo "2026"]
[Result "1-0"]
[Round "06"]
[TimeControl "180+1"]
[Date "2021.05.25"]
[WhiteClock "0:00:53"]
[BlackClock "0:00:02"]

1. e4 e6 2. d4 d5 3. e5 c5 4. c3 Nc6 5. Nf3 Qb6 6. a3 c4 7. Nbd2 Na5 8. g3 Bd7 9. h4 O-O-O 10. Ng5 Be8 11. Bh3 Kb8 12. O-O h6 13. Ngf3 f5 14. exf6 gxf6 15. Re1 Bf7 16. Rb1 h5 17. b3 cxb3 18. Nxb3 Nxb3 19. Rxb3 Qc6 20. Bf4+ Ka8 21. Qe2 Bh6 22. Bxh6 Nxh6 23. Reb1 b6 24. a4 Rb8 25. Qb2 Rhc8 26. Bf1 Qd6 27. Bg2 Nf5 28. Nd2 Rg8 29. c4 Ne7 30. a5 bxa5 31. Qa2 Rxb3 32. Rxb3 Nc6 33. Qa4 Nxd4 34. cxd5 exd5 35. Qxd4 1-0


[Site "https://www.chess.com"]

[Event "Titled Tuesday Blitz May 25 2021"]
[White "Skatchkov, Pavel"]
[Black "Gracia Alvarez, Gerardo Antonio"]
[WhiteFideId "4121848"]
[BlackFideId "5109124"]
[WhiteElo "2476"]
[BlackElo "2148"]
[Result "1-0"]
[Round "06"]
[TimeControl "180+1"]
[Date "2021.05.25"]
[WhiteClock "0:01:53"]
[BlackClock "0:01:19"]

1. d4 Nf6 2. c4 c5 3. d5 b5 4. Nf3 Bb7 5. Qc2 b4 6. e4 d6 7. e5 dxe5 8. Nxe5 Nbd7 9. Bf4 Nxe5 10. Bxe5 Nd7 11. Bg3 g6 12. Be2 Bg7 13. O-O O-O 14. Nd2 Nb6 15. a4 Ba6 16. Rae1 Qd7 17. b3 Nc8 18. Ne4 Bd4 19. Rd1 Nd6 20. Bxd6 exd6 21. Rxd4 f5 22. Nxc5 dxc5 23. Rd2 Qd6 24. Bf3 Rae8 25. Re2 Bc8 26. Rfe1 Bd7 27. g3 f4 28. Rxe8 Rxe8 29. Rxe8+ Bxe8 30. Qe4 Bd7 31. gxf4 Kf7 32. Qe5 1-0


[Site "https://www.chess.com"]